TOP OF THE 1ST |
Boston College Eagles batting - Pitching for Rutgers Scarlet Knights : LHP Jeff Jackson
|
Pitching: LHP Jeff Jackson
|
|
Batting: RHB Kane Cooper
|
0-0: Bunted foul 0-1: Ball 1-1: Swinging Strike 1-2: Strikes out swinging
|
Batting: SHB Felipe Castro
|
0-0: Called Strike 0-1: Ball 1-1: Ball 2-1: Foul Ball, location: 2F 2-2: Ground out 5-3 (Groundball, 5)
|
Batting: LHB Dave Cook
|
0-0: Ball 1-0: Swinging Strike 1-1: Called Strike 1-2: SINGLE (Line Drive, 7S)
|
Batting: RHB Vernon Sterling
|
0-0: Ball 1-0: Called Strike 1-1: 2-RUN HOME RUN (Flyball, 9D), Distance : 365 ft
|
Batting: RHB Mike Martin
|
0-0: Swinging Strike 0-1: Called Strike 0-2: Strikes out swinging
|
Top of the 1st over - 2 run(s), 2 hit(s), 0 error(s), 0 left on base; Boston College 2 - Rutgers 0 |
BOTTOM OF THE 1ST |
Rutgers Scarlet Knights batting - Pitching for Boston College Eagles : LHP Desi Wells
|
Pitching: LHP Desi Wells
|
|
Batting: SHB Woody Stanley
|
0-0: Called Strike 0-1: DOUBLE (Line Drive, 8LM)
|
Batting: SHB Kevin Shelton
|
0-0: Foul Ball, location: 2F 0-1: DOUBLE (Line Drive, 78D) Woody Stanley scores
|
Batting: RHB John Patterson
|
0-0: Called Strike 0-1: Swinging Strike 0-2: Strikes out swinging
|
Batting: LHB Bob Dunham
|
0-0: Ball 1-0: Ball 2-0: Called Strike 2-1: Foul Ball, location: 2F 2-2: Foul Ball, location: 2F 2-2: Fly out, F7 (Flyball, 7LDF) Runner from 2nd tags up, SAFE at 3rd, no throw
|
Batting: RHB Chris Vásquez
|
0-0: SINGLE (Groundball, 34D) Kevin Shelton scores
|
Batting: RHB Dave Pierce
|
0-0: Swinging Strike 0-1: Foul Ball, location: 2F 0-2: Foul Ball, location: 2F 0-2: Strikes out swinging
|
Bottom of the 1st over - 2 run(s), 3 hit(s), 0 error(s), 1 left on base; Boston College 2 - Rutgers 2 |
TOP OF THE 2ND |
Boston College Eagles batting - Pitching for Rutgers Scarlet Knights : LHP Jeff Jackson
|
Batting: RHB Bobby Porter
|
0-0: Ball 1-0: Ball 2-0: Foul Ball, location: 2F 2-1: Ball 3-1: Foul Ball, location: 2F 3-2: Strikes out swinging
|
Batting: RHB Emory Brooks
|
0-0: Called Strike 0-1: Ball 1-1: Ball 2-1: Called Strike 2-2: Strikes out swinging
|
Batting: RHB Wade Ayers
|
0-0: Foul Ball, location: 2F 0-1: Foul Ball, location: 2F 0-2: Ball 1-2: Foul Ball, location: 2F 1-2: Foul Ball, location: 2F 1-2: Ball 2-2: Strikes out swinging
|
Top of the 2nd over - 0 run(s), 0 hit(s), 0 error(s), 0 left on base; Boston College 2 - Rutgers 2 |
BOTTOM OF THE 2ND |
Rutgers Scarlet Knights batting - Pitching for Boston College Eagles : LHP Desi Wells
|
Batting: LHB Zach Baxter
|
0-0: Called Strike 0-1: Swinging Strike 0-2: Ball 1-2: Ball 2-2: Foul Ball, location: 2F 2-2: Strikes out swinging
|
Batting: RHB Buddy Brown
|
0-0: Called Strike 0-1: Ball 1-1: Foul Ball, location: 2F 1-2: SINGLE (Line Drive, 6)
|
Batting: RHB Steve West
|
0-0: Ball 1-0: SINGLE (Groundball, 5D) Buddy Brown to second
|
Batting: SHB Woody Stanley
|
0-0: Ball 1-0: Fly out, F9 (Line Drive, 9S)
|
Batting: SHB Kevin Shelton
|
0-0: Called Strike 0-1: Ball 1-1: Ground out 1-3 (Groundball, 23)
|
Bottom of the 2nd over - 0 run(s), 2 hit(s), 0 error(s), 2 left on base; Boston College 2 - Rutgers 2 |
TOP OF THE 3RD |
Boston College Eagles batting - Pitching for Rutgers Scarlet Knights : LHP Jeff Jackson
|
Batting: RHB Will Stafford
|
0-0: Ball 1-0: Ball 2-0: Fly out, F7 (Line Drive, 7M)
|
Batting: RHB Kane Cooper
|
0-0: Ball 1-0: Ball 2-0: Foul Ball, location: 2F 2-1: Called Strike 2-2: Ball 3-2: Strikes out looking
|
Batting: SHB Felipe Castro
|
0-0: Ball 1-0: Called Strike 1-1: Foul Ball, location: 2F 1-2: Ball 2-2: Foul Ball, location: 2F 2-2: Foul Ball, location: 2F 2-2: Ball 3-2: Foul Ball, location: 2F 3-2: Base on Balls
|
Batting: LHB Dave Cook
|
0-0: Foul Ball, location: 2F 0-1: Ball 1-1: DOUBLE (Line Drive, 8LM) Felipe Castro to third
|
Batting: RHB Vernon Sterling
|
0-0: Ball 1-0: Foul Ball, location: 2F 1-1: Ball 2-1: Fly out, F9 (Flyball, 9M)
|
Top of the 3rd over - 0 run(s), 1 hit(s), 0 error(s), 2 left on base; Boston College 2 - Rutgers 2 |
BOTTOM OF THE 3RD |
Rutgers Scarlet Knights batting - Pitching for Boston College Eagles : LHP Desi Wells
|
Batting: RHB John Patterson
|
0-0: Fly out, F7 (Flyball, 7D)
|
Batting: LHB Bob Dunham
|
0-0: Ball 1-0: Called Strike 1-1: Foul Ball, location: 2F 1-2: Strikes out looking
|
Batting: RHB Chris Vásquez
|
0-0: Ball 1-0: Ball 2-0: Ball 3-0: Called Strike 3-1: Base on Balls
|
Batting: RHB Dave Pierce
|
0-0: Fly out, F9 (Flyball, 9S)
|
Bottom of the 3rd over - 0 run(s), 0 hit(s), 0 error(s), 1 left on base; Boston College 2 - Rutgers 2 |
TOP OF THE 4TH |
Boston College Eagles batting - Pitching for Rutgers Scarlet Knights : LHP Jeff Jackson
|
Batting: RHB Mike Martin
|
0-0: Called Strike 0-1: Foul Ball, location: 2F 0-2: Ball 1-2: Strikes out looking
|
Batting: RHB Bobby Porter
|
0-0: Ball 1-0: Ball 2-0: Called Strike 2-1: Ball 3-1: Base on Balls
|
Batting: RHB Emory Brooks
|
0-0: Fly out, F4 (Popup, 4S)
|
Batting: RHB Wade Ayers
|
0-0: Ball 1-0: Ball 2-0: Ball 3-0: Called Strike 3-1: Called Strike 3-2: Base on Balls Bobby Porter to second
|
Batting: RHB Will Stafford
|
0-0: Foul Ball, location: 2F 0-1: Swinging Strike 0-2: Strikes out swinging
|
Top of the 4th over - 0 run(s), 0 hit(s), 0 error(s), 2 left on base; Boston College 2 - Rutgers 2 |
BOTTOM OF THE 4TH |
Rutgers Scarlet Knights batting - Pitching for Boston College Eagles : LHP Desi Wells
|
Batting: LHB Zach Baxter
|
0-0: Called Strike 0-1: Ground out 6-3 (Groundball, 6M)
|
Batting: RHB Buddy Brown
|
0-0: Called Strike 0-1: Ball 1-1: Foul Ball, location: 2F 1-2: Ball 2-2: Ball 3-2: SOLO HOME RUN (Line Drive, 7D), Distance : 348 ft
|
Batting: RHB Steve West
|
0-0: Called Strike 0-1: Ball 1-1: Ball 2-1: Ball 3-1: SINGLE (Line Drive, 6D)
|
Batting: SHB Woody Stanley
|
0-0: Ball 1-0: Ball 2-0: Ball 3-0: Hit by Pitch Steve West to second
|
Batting: SHB Kevin Shelton
|
0-0: Ball 1-0: Called Strike Steve West steals 3rd base Woody Stanley to second 1-1: Called Strike 1-2: Fly out, F8 (Flyball, 78D) Runner from 3rd tags up, SCORES, no throw
|
Batting: RHB John Patterson
|
0-0: Called Strike 0-1: Called Strike 0-2: SINGLE (Line Drive, 8LS) Woody Stanley to third
|
Batting: LHB Bob Dunham
|
0-0: Ball 1-0: Swinging Strike 1-1: Swinging Strike 1-2: Foul Ball, location: 2F 1-2: Ball 2-2: Ground out U3 (Groundball, 3S)
|
Bottom of the 4th over - 2 run(s), 3 hit(s), 0 error(s), 2 left on base; Boston College 2 - Rutgers 4 |
TOP OF THE 5TH |
Boston College Eagles batting - Pitching for Rutgers Scarlet Knights : LHP Jeff Jackson
|
Pitching: LHP Jay Metcalf
|
|
Batting: RHB Kane Cooper
|
0-0: Foul Ball, location: 2F 0-1: Fly out, F9 (Flyball, 9LD)
|
Batting: SHB Felipe Castro
|
0-0: Called Strike 0-1: Called Strike 0-2: Ball 1-2: Ball 2-2: Ball 3-2: Foul Ball, location: 2F 3-2: DOUBLE (Groundball, 5L)
|
Batting: LHB Dave Cook
|
0-0: Ground out 1-3 (Groundball, 15S)
|
Batting: RHB Vernon Sterling
|
0-0: Ball 1-0: Ball 2-0: Called Strike 2-1: Ball 3-1: SINGLE (Groundball, 5D) Felipe Castro to third Runner from 3rd tries for Home, SAFE, no throw or cutoff
|
Batting: RHB Mike Martin
|
0-0: Ball 1-0: Called Strike 1-1: Ball 2-1: Ball 3-1: Base on Balls Vernon Sterling to second
|
Batting: RHB Bobby Porter
|
0-0: Ball 1-0: Foul Ball, location: 2F 1-1: SINGLE (Line Drive, 4MD) Vernon Sterling to third Mike Martin to second Runner from 3rd tries for Home, SAFE, no throw or cutoff
|
Batting: RHB Emory Brooks
|
0-0: Called Strike 0-1: Foul Ball, location: 2F 0-2: SINGLE (Flyball, 8LS) Mike Martin to third Bobby Porter to second Throwing error, E8 Mike Martin scores Bobby Porter to third Emory Brooks to second
|
Batting: RHB Wade Ayers
|
0-0: Called Strike 0-1: Foul Ball, location: 2F 0-2: Foul Ball, location: 2F 0-2: Fly out, F4 (Popup, 4S)
|
Top of the 5th over - 3 run(s), 4 hit(s), 1 error(s), 2 left on base; Boston College 5 - Rutgers 4 |
BOTTOM OF THE 5TH |
Rutgers Scarlet Knights batting - Pitching for Boston College Eagles : LHP Desi Wells
|
Batting: RHB Chris Vásquez
|
0-0: Foul Ball, location: 2F 0-1: Ball 1-1: Ground out 5-3 (Groundball, 5S)
|
Batting: RHB Dave Pierce
|
0-0: Ball 1-0: Swinging Strike 1-1: Called Strike 1-2: Foul Ball, location: 2F 1-2: SINGLE (Line Drive, 7LS)
|
Pitching: LHP Mario González
|
|
Batting: LHB Zach Baxter
|
0-0: Called Strike 0-1: Called Strike 0-2: Strikes out swinging
|
Batting: RHB Buddy Brown
|
0-0: Ball 1-0: Foul Ball, location: 2F 1-1: SINGLE (Line Drive, 8RS) Dave Pierce to second
|
Batting: RHB Steve West
|
0-0: Foul Ball, location: 2F 0-1: Ball 1-1: Foul Ball, location: 2F 1-2: Fly out, F8 (Flyball, 8LM)
|
Bottom of the 5th over - 0 run(s), 2 hit(s), 0 error(s), 2 left on base; Boston College 5 - Rutgers 4 |
TOP OF THE 6TH |
Boston College Eagles batting - Pitching for Rutgers Scarlet Knights : LHP Jay Metcalf
|
Batting: RHB Will Stafford
|
0-0: Ball 1-0: Ball 2-0: Called Strike 2-1: Swinging Strike 2-2: Strikes out swinging
|
Batting: RHB Kane Cooper
|
0-0: Called Strike 0-1: Foul Ball, location: 2F 0-2: Ball 1-2: DOUBLE (Line Drive, 78M)
|
Batting: SHB Felipe Castro
|
0-0: Called Strike Kane Cooper is caught stealing 3rd base 0-1: DOUBLE (Groundball, 5L)
|
Batting: LHB Dave Cook
|
0-0: SINGLE (Groundball, 34D) Felipe Castro to third Runner from 3rd tries for Home, SAFE, no throw or cutoff
|
Pitching: RHP Ryan Miller
|
|
Batting: RHB Vernon Sterling
|
0-0: Called Strike 0-1: Called Strike 0-2: Ball 1-2: Ball 2-2: Foul Ball, location: 2F 2-2: 2-RUN HOME RUN (Line Drive, 89XD), Distance : 381 ft
|
Batting: RHB Mike Martin
|
0-0: Ball 1-0: Ball 2-0: Called Strike 2-1: Ball 3-1: Called Strike 3-2: Foul Ball, location: 2F 3-2: Base on Balls
|
Batting: RHB Bobby Porter
|
0-0: Ball 1-0: Swinging Strike 1-1: Swinging Strike 1-2: Strikes out swinging
|
Top of the 6th over - 3 run(s), 4 hit(s), 0 error(s), 1 left on base; Boston College 8 - Rutgers 4 |
BOTTOM OF THE 6TH |
Rutgers Scarlet Knights batting - Pitching for Boston College Eagles : LHP Mario González
|
Batting: SHB Woody Stanley
|
0-0: SINGLE (Groundball, 34D)
|
Batting: SHB Kevin Shelton
|
0-0: Called Strike 0-1: Ball 1-1: Ball 2-1: Ball 3-1: Fly out, F8 (Flyball, 8RS)
|
Batting: RHB John Patterson
|
0-0: Called Strike 0-1: Grounds into double play, 6-4-3 (Groundball, 6)
|
Bottom of the 6th over - 0 run(s), 1 hit(s), 0 error(s), 0 left on base; Boston College 8 - Rutgers 4 |
TOP OF THE 7TH |
Boston College Eagles batting - Pitching for Rutgers Scarlet Knights : RHP Ryan Miller
|
Batting: RHB Emory Brooks
|
0-0: Swinging Strike 0-1: Swinging Strike 0-2: Ball 1-2: Strikes out swinging
|
Batting: RHB Wade Ayers
|
0-0: Ball 1-0: Fly out, F9 (Flyball, 9S)
|
Batting: RHB Will Stafford
|
0-0: Ball 1-0: Called Strike 1-1: Swinging Strike 1-2: Strikes out swinging
|
Top of the 7th over - 0 run(s), 0 hit(s), 0 error(s), 0 left on base; Boston College 8 - Rutgers 4 |
BOTTOM OF THE 7TH |
Rutgers Scarlet Knights batting - Pitching for Boston College Eagles : LHP Mario González
|
Batting: LHB Bob Dunham
|
0-0: Ball 1-0: Foul Ball, location: 2F 1-1: Ball 2-1: Called Strike 2-2: Ball 3-2: Foul Ball, location: 2F 3-2: Base on Balls
|
Batting: RHB Chris Vásquez
|
0-0: Called Strike 0-1: Foul Ball, location: 2F 0-2: Strikes out swinging
|
Pitching: LHP Tony McCullough
|
|
Batting: RHB Dave Pierce
|
0-0: Foul Ball, location: 2F 0-1: Called Strike 0-2: Ball 1-2: Ball 2-2: Ball 3-2: Base on Balls Bob Dunham to second
|
Batting: LHB Zach Baxter
|
0-0: Called Strike 0-1: Called Strike 0-2: Foul Ball, location: 2F 0-2: Ball 1-2: Ground out 4-3 (Groundball, 13) Bob Dunham to third Dave Pierce to second
|
Batting: RHB Buddy Brown
|
0-0: Called Strike 0-1: Ball 1-1: Foul Ball, location: 2F 1-2: Ball 2-2: Ball 3-2: Foul Ball, location: 2F 3-2: Strikes out looking
|
Bottom of the 7th over - 0 run(s), 0 hit(s), 0 error(s), 2 left on base; Boston College 8 - Rutgers 4 |
TOP OF THE 8TH |
Boston College Eagles batting - Pitching for Rutgers Scarlet Knights : RHP Ryan Miller
|
Batting: RHB Kane Cooper
|
0-0: Foul Ball, location: 2F 0-1: Called Strike 0-2: Ball 1-2: Foul Ball, location: 2F 1-2: Foul Ball, location: 2F 1-2: Ball 2-2: SINGLE (Flyball, 8LS)
|
Batting: SHB Felipe Castro
|
0-0: Ball 1-0: Called Strike 1-1: Ball 2-1: Fly out, F7 (Flyball, 7M)
|
Batting: LHB Dave Cook
|
0-0: Called Strike 0-1: Ball 1-1: Ball 2-1: Ball 3-1: Called Strike 3-2: DOUBLE (Groundball, 5L) Kane Cooper to third Kane Cooper scores
|
Batting: RHB Vernon Sterling
|
0-0: Ball 1-0: Called Strike 1-1: Ball 2-1: Ball 3-1: Called Strike 3-2: Foul Ball, location: 2F 3-2: Foul Ball, location: 2F 3-2: Foul Ball, location: 2F 3-2: Base on Balls
|
Pitching: LHP Héctor Ontiveros
|
|
Batting: RHB Mike Martin
|
0-0: Foul Ball, location: 2F 0-1: Foul Ball, location: 2F 0-2: Ball 1-2: Strikes out looking
|
Batting: RHB Bobby Porter
|
0-0: Ball 1-0: Foul Ball, location: 2F 1-1: Foul Ball, location: 2F 1-2: Ball 2-2: Ball 3-2: Foul Ball, location: 2F 3-2: Foul Ball, location: 2F 3-2: Ground out 5-3 (Groundball, 5S)
|
Top of the 8th over - 1 run(s), 2 hit(s), 0 error(s), 2 left on base; Boston College 9 - Rutgers 4 |
BOTTOM OF THE 8TH |
Rutgers Scarlet Knights batting - Pitching for Boston College Eagles : LHP Tony McCullough
|
Batting: RHB Steve West
|
0-0: Foul Ball, location: 2F 0-1: Fly out, F9 (Flyball, 9LMF)
|
Batting: SHB Woody Stanley
|
0-0: Ball 1-0: Foul Ball, location: 2F 1-1: Called Strike 1-2: Foul Ball, location: 2F 1-2: Ball 2-2: Strikes out swinging
|
Batting: SHB Kevin Shelton
|
0-0: Swinging Strike 0-1: Foul Ball, location: 2F 0-2: Ball 1-2: Foul Ball, location: 2F 1-2: Ball 2-2: Ball 3-2: Fly out, F2 (Popup, 2RF)
|
Bottom of the 8th over - 0 run(s), 0 hit(s), 0 error(s), 0 left on base; Boston College 9 - Rutgers 4 |
TOP OF THE 9TH |
Boston College Eagles batting - Pitching for Rutgers Scarlet Knights : LHP Héctor Ontiveros
|
Pitching: RHP Dominic Scott
|
|
Batting: RHB Emory Brooks
|
0-0: Ball 1-0: Ball 2-0: Ball 3-0: Called Strike 3-1: Foul Ball, location: 2F 3-2: DOUBLE (Line Drive, 56D)
|
Batting: RHB Wade Ayers
|
0-0: Ball 1-0: Ball 2-0: Foul Ball, location: 2F 2-1: Swinging Strike 2-2: Foul Ball, location: 2F 2-2: Foul Ball, location: 2F 2-2: Strikes out looking
|
Batting: RHB Will Stafford
|
0-0: Swinging Strike 0-1: Ball 1-1: Called Strike 1-2: Ball 2-2: Foul Ball, location: 2F 2-2: Ball 3-2: Strikes out swinging
|
Batting: RHB Kane Cooper
|
0-0: Swinging Strike 0-1: Ground out 4-3 (Groundball, 4)
|
Top of the 9th over - 0 run(s), 1 hit(s), 0 error(s), 1 left on base; Boston College 9 - Rutgers 4 |
BOTTOM OF THE 9TH |
Rutgers Scarlet Knights batting - Pitching for Boston College Eagles : LHP Tony McCullough
|
Batting: RHB John Patterson
|
0-0: Called Strike 0-1: Called Strike 0-2: Ball 1-2: Ball 2-2: Foul Ball, location: 2F 2-2: Foul Ball, location: 2F 2-2: Ball 3-2: Fly out, F7 (Flyball, 7D)
|
Batting: LHB Bob Dunham
|
0-0: Ball 1-0: Fly out, F2 (Popup, 25F)
|
Batting: RHB Chris Vásquez
|
0-0: Called Strike 0-1: Fly out, F7 (Flyball, 78M)
|
Bottom of the 9th over - 0 run(s), 0 hit(s), 0 error(s), 0 left on base; Boston College 9 - Rutgers 4 |
|